 Dungeon Crawl Stone Soup version 0.25-a0-443-gece2dee (webtiles) character file.

Game seed: 8221608175829314093, levelgen mode: deterministic

26206 codejunkie83 the Cleaver (level 12, -4/116 HPs)
             Began as a Deep Dwarf Fighter on Jan 31, 2020.
             Was the Champion of Cheibriados.
             Slain by a death yak (5 damage)
             ... on level 4 of the Lair of Beasts.
             The game lasted 00:34:56 (10807 turns).

codejunkie83 the Cleaver (Deep Dwarf Fighter)      Turns: 10807, Time: 00:34:56

Health: -4/116     AC: 16    Str: 38    XL:     12   Next: 96%
Magic:  0/0        EV:  8    Int: 25    God:    Cheibriados [******]
Gold:   906        SH: 16    Dex: 28    Spells: 11/11 levels left

rFire    . . .     SeeInvis .   F - +0 hand axe (flame)
rCold    . . .     Gourm    +   c - +0 shield
rNeg     . . .     Faith    .   G - +0 plate armour
rPois    .         Spirit   .   (no helmet)
rElec    .         Reflect  .   (no cloak)
rCorr    .         Harm     .   n - +0 pair of gloves
MR       +....                  (no boots)
Stlth    ..........             r - amulet of the gourmand
HPRegen  0.00/turn              E - ring of wizardry
MPRegen  0.07/turn              (no ring)

@: non-regenerating, very slow
A: damage resistance, heal wounds, sense surroundings 2, no regeneration
a: Heal Wounds, Bend Time, Temporal Distortion, Slouch, Step From Time, Renounce
Religion


You were on level 4 of the Lair of Beasts.
You worshipped Cheibriados.
Cheibriados was exalted by your worship.
You were completely stuffed.

You visited 2 branches of the dungeon, and saw 14 of its levels.

You collected 906 gold pieces.

Inventory:

Hand Weapons
 F - a +0 hand axe of flaming (weapon)
Armour
 c - a +0 shield (worn)
 n - a +0 pair of gloves (worn)
 G - a +0 plate armour (worn)
Jewellery
 r - an amulet of the gourmand (around neck)
 u - an uncursed amulet of the acrobat
 E - a ring of wizardry (left hand)
Wands
 b - a wand of flame (16)
 v - a wand of iceblast (1)
 C - a wand of paralysis (27)
 I - a wand of scattershot (4)
 J - a wand of acid (16)
 K - a wand of enslavement (4)
Scrolls
 a - 2 scrolls of brand weapon {unknown}
 e - 3 scrolls of blinking {unknown}
 f - a scroll of summoning {unknown}
 k - 11 scrolls of identify
 l - 3 scrolls of noise {unknown}
 o - a scroll of fear {unknown}
 p - 6 scrolls of remove curse {unknown}
 q - 7 scrolls of teleportation {unknown}
 s - 4 scrolls of fog {unknown}
 w - 3 scrolls of amnesia {unknown}
 y - a scroll of enchant armour {unknown}
 H - a scroll of enchant weapon {unknown}
 L - a scroll of vulnerability {unknown}
Potions
 d - a potion of might
 g - 3 potions of lignification {unknown}
 h - a potion of cancellation {unknown}
 i - 3 potions of berserk rage {unknown}
 j - 4 potions of flight
 t - a potion of ambrosia {unknown}
 x - 4 potions of curing
 A - a potion of degeneration {unknown}
 B - a potion of agility {unknown}
 D - a potion of brilliance {unknown}
Comestibles
 m - 5 chunks of flesh
 z - 22 rations


   Skills:
 + Level 10.0 Fighting
 - Level 14.0 Axes
 + Level 11.6 Armour
 + Level 11.6 Shields


You had 11 spell levels left.
You didn't know any spells.
Your spell library contained the following spells:

 Spells                   Type           Power        Failure   Level  Hunger
 Animate Skeleton         Necr           N/A          34%         1    ##.....
 Apportation              Tloc           #.....       34%         1    ##.....
 Corona                   Hex            #......      34%         1    ##.....
 Pain                     Necr           #...         34%         1    ##.....
 Summon Small Mammal      Summ           #...         34%         1    ##.....
 Call Imp                 Summ           #.......     47%         2    ###....
 Ensorcelled Hibernation  Hex/Ice        #.....       47%         2    ###....
 Call Canine Familiar     Summ           #.......     71%         3    ####...
 Confusing Touch          Hex            #.......     71%         3    ####...
 Dazzling Flash           Conj/Hex       #.....       71%         3    ####...
 Summon Guardian Golem    Hex/Summ       #.......     71%         3    ####...
 Tukima's Dance           Hex            #.......     71%         3    ####...
 Vampiric Draining        Necr           #.........   71%         3    ####...
 Animate Dead             Necr           N/A          97%         4    #####..
 Summon Ice Beast         Ice/Summ       #.......     97%         4    #####..
 Summon Lightning Spire   Summ/Air       #.......     97%         4    #####..
 Agony                    Necr           #.......     100%        5    ######.
 Irradiate                Conj/Tmut      #.........   100%        5    ######.
 Hydra Form               Tmut           #.........   100%        6    #######
 Statue Form              Tmut/Erth      #........    100%        6    #######
 Dragon Form              Tmut           #.........   100%        7    #######


Dungeon Overview and Level Annotations

Branches:
Dungeon (10/15)            Temple (0/1) D:4            Lair (4/6) D:8
  Swamp (0/4) Lair:3        Snake (0/4) Lair:3
    Orc: D:9-12

Altars:
Ashenzari
Cheibriados
Dithmenos
Fedhas
Gozag
Trog
Yredelemnul
The Shining One

Annotations:
D:6 2 transporters, davenfal's ghost, novice HuIE
Lair:1 2 transporters, avis's ghost, journeyman OgTm


Innate Abilities, Weirdness & Mutations

You are resistant to damage.
You can heal yourself by infusing magical energy.
You passively map the area around you.
You do not regenerate.


Message History

You hit the death yak but do no damage.
The death yak is severely wounded.
You hit the death yak. You burn the death yak.
You block the death yak's attack.
You hit the death yak. You burn the death yak.
The death yak is almost dead.
You hit the death yak but do no damage. You block the death yak's attack. x2
You slash the death yak! You burn the death yak.
The death yak is almost dead.
You hit the death yak. You burn the death yak.
You hit the death yak but do no damage.
The death yak is almost dead.
You barely miss the death yak. The death yak barely misses you.
The death yak gores you.
* * * LOW HITPOINT WARNING * * *
You hit the death yak. You burn the death yak.
The death yak is almost dead.
You hit the death yak but do no damage. You block the death yak's attack.
The death yak gores you!
You die...

, *#..# #..# ,,,
#..# #..# * ..#
#P.. * , * , ##.#
#... * * *#..###
#P.# * , ##...#
##.P , , ,
##Y.######### #.. ,
, #YY##
#.#P.P#####.. * , ,
##@####............
, ,, *
#..##......#...###
,,,
#......#P####### *
########## , *


You could see 3 death yaks.

Vanquished Creatures
  Erolcha (D:9)
  Harold (D:9)
  7 hydras
  A death yak (Lair:4)
  Pikel (D:7)
  3 elephants (Lair:1)
  A black mamba (Lair:4)
  Joseph (D:10)
  Psyche (D:8)
  2 spiny frogs (Lair:1)
  A rime drake (Lair:4)
  4 komodo dragons
  3 polar bears (Lair:3)
  4 hippogriffs
  5 blink frogs (Lair:3)
  A wyvern (Lair:4)
  23 yaks
  4 basilisks
  2 hogs (D:10)
  A human (D:10)
  Grum (D:10)
  3 hungry ghosts
  A soldier ant (D:10)
  A naga (Lair:3)
  4 water moccasins
  3 ice beasts
  7 porcupines
  A sky beast (D:6)
  4 ogres
  A slave (D:7)
  2 orc warriors
  13 wolves
  3 centaurs
  2 necrophages
  6 crocodiles
  16 bullfrogs
  A gnoll sergeant (D:8)
  A water moccasin zombie (D:8)
  A scorpion (D:4)
  9 wights (D:10)
  5 electric eels (Lair:3)
  3 howler monkeys (D:10)
  2 bullfrog zombies
  7 crimson imps
  2 centaur zombies
  A quasit (D:10)
  2 jellies
  6 orc priests
  A bullfrog skeleton (D:6)
  A gnoll shaman (D:8)
  3 hounds (D:8)
  An iron imp (D:5)
  4 iguanas
  16 orc wizards
  8 worker ants
  A hound skeleton (D:7)
  A howler monkey skeleton (D:6)
  18 gnolls
  10 adders
  A river rat (D:3)
  2 shadow imps
  2 oozes (D:1)
  An adder skeleton (D:8)
  5 worms
  2 dart slugs
  3 leopard geckos
  41 orcs
  3 bats
  6 giant cockroaches
  13 goblins
  8 hobgoblins
  8 jackals
  9 kobolds
  10 quokkas
  3 ball pythons
  4 frilled lizards
  A jackal zombie (D:9)
  A leopard gecko zombie (D:8)
  A quokka skeleton (D:7)
  9 rats
  A fungus (Lair:1)
373 creatures vanquished.

Vanquished Creatures (others)
  A fungus (Lair:1)
  5 plants (Lair:4)
6 creatures vanquished.

Grand Total: 379 creatures vanquished

Notes
Turn   | Place    | Note
-------+----------+-------------------------------------------
     0 | D:1      | codejunkie83 the Deep Dwarf Fighter began the quest for the
                  | Orb.
     0 | D:1      | Reached XP level 1. HP: 20/20 MP: 1/1
    65 | D:1      | Reached XP level 2. HP: 25/27 MP: 2/2
   458 | D:1      | Reached skill level 3 in Axes
   465 | D:1      | Reached XP level 3. HP: 27/33 MP: 3/3
   780 | D:2      | Reached XP level 4. HP: 29/42 MP: 4/4
   861 | D:2      | Found a snail-covered altar of Cheibriados.
   882 | D:2      | Became a worshipper of Cheibriados the Contemplative
  1180 | D:2      | Found a basalt altar of Yredelemnul.
  1491 | D:3      | Reached * piety under Cheibriados
  1493 | D:3      | Reached skill level 4 in Axes
  1493 | D:3      | Reached XP level 5. HP: 38/49 MP: 5/5
  1809 | D:3      | Noticed a hungry ghost
  1859 | D:3      | Killed a hungry ghost
  1859 | D:3      | Reached XP level 6. HP: 32/57 MP: 6/6
  1867 | D:3      | Reached ** piety under Cheibriados
  1877 | D:3      | Reached skill level 5 in Axes
  1902 | D:3      | Paralysed by fainting for 7 turns
  1953 | D:3      | Paralysed by fainting for 5 turns
  1958 | D:3      | Paralysed by fainting for 8 turns
  2067 | D:3      | Paralysed by fainting for 9 turns
  2078 | D:3      | Paralysed by fainting for 11 turns
  2090 | D:3      | Paralysed by fainting for 6 turns
  2119 | D:4      | Paralysed by fainting for 11 turns
  2317 | D:4      | Reached XP level 7. HP: 50/64 MP: 6/6
  2481 | D:4      | Reached skill level 5 in Armour
  2485 | D:4      | Reached skill level 5 in Shields
  2501 | D:4      | Reached skill level 6 in Axes
  2626 | D:4      | Found a staircase to the Ecumenical Temple.
  2675 | D:4      | Reached *** piety under Cheibriados
  2935 | D:4      | Reached XP level 8. HP: 56/73 MP: 6/6
  2942 | D:4      | Reached skill level 7 in Axes
  3061 | D:4      | Found an opulent altar of Gozag.
  3119 | D:5      | Entered Level 5 of the Dungeon
  3171 | D:5      | Found a glowing golden altar of the Shining One.
  3185 | D:5      | Found a shattered altar of Ashenzari.
  3188 | D:5      | Found a blossoming altar of Fedhas.
  3191 | D:5      | Found a shadowy altar of Dithmenos.
  3507 | D:5      | Reached skill level 5 in Fighting
  3718 | D:5      | Found a snail-covered altar of Cheibriados.
  4032 | D:6      | Reached **** piety under Cheibriados
  4036 | D:6      | Reached skill level 8 in Axes
  4295 | D:6      | Gained mutation: You passively map the area around you.
                  | [Deep Dwarf growth]
  4295 | D:6      | Reached XP level 9. HP: 56/81 MP: 6/6
  4381 | D:6      | Found a transporter.
  4381 | D:6      | Identified the +9 dire flail "Grim" {flame, Dex+5}
  4381 | D:6      | Noticed davenfal's ghost (novice HuIE)
  4382 | D:6      | Found a transporter.
  4654 | D:7      | Reached skill level 9 in Axes
  4870 | D:7      | Reached ***** piety under Cheibriados
  5031 | D:7      | Noticed Pikel
  5044 | D:7      | Killed Pikel
  5305 | D:8      | Reached skill level 10 in Axes
  5438 | D:8      | Found a staircase to the Lair.
  5449 | D:8      | Reached XP level 10. HP: 69/91 MP: 6/6
  5600 | D:8      | Noticed Psyche
  5627 | D:8      | Killed Psyche
  6105 | Lair:1   | Entered Level 1 of the Lair of Beasts
  6105 | Lair:1   | Noticed a seven-headed hydra
  6218 | D:9      | Noticed Harold
  6231 | D:9      | Killed Harold
  6231 | D:9      | Reached skill level 11 in Axes
  6367 | D:9      | Noticed Erolcha
  6386 | D:9      | Killed Erolcha
  6731 | D:10     | Entered Level 10 of the Dungeon
  6797 | D:10     | Reached XP level 11. HP: 66/100 MP: 7/7
  6991 | D:10     | Noticed Grum
  7002 | D:10     | Reached ****** piety under Cheibriados
  7022 | D:10     | Killed Grum
  7213 | D:10     | Noticed Joseph
  7238 | D:10     | Killed Joseph
  7238 | D:10     | Reached skill level 12 in Axes
  8002 | Lair:1   | Killed a two-headed hydra
  8081 | Lair:1   | Identified the cursed +2 trident "Runash" {elec, rC+}
  8081 | Lair:1   | Noticed a spriggan rider
  8093 | Lair:1   | Noticed avis's ghost (journeyman OgTm)
  8094 | Lair:1   | Found a bloodstained altar of Trog.
  8100 | Lair:1   | Found a transporter.
  8111 | Lair:1   | Noticed a seven-headed hydra
  8121 | Lair:1   | Killed a two-headed hydra
  8308 | Lair:1   | Reached skill level 13 in Axes
  8343 | Lair:1   | Reached skill level 10 in Armour
  8352 | Lair:1   | Reached skill level 10 in Shields
  8627 | Lair:1   | Reached XP level 12. HP: 49/112 MP: 5/5
  8678 | Lair:1   | Found a transporter.
  9081 | Lair:2   | Noticed a seven-headed hydra
  9092 | Lair:2   | Killed a one-headed hydra
  9236 | Lair:2   | Noticed a seven-headed hydra
  9248 | Lair:2   | HP: 2/112 [seven-headed hydra (7)]
  9267 | Lair:2   | Killed a one-headed hydra
  9502 | Lair:2   | Reached skill level 14 in Axes
  9772 | Lair:3   | Found a staircase to the Snake Pit.
  9797 | Lair:3   | Noticed a six-headed hydra
  9799 | Lair:3   | Noticed a seven-headed hydra
  9802 | Lair:3   | Killed a three-headed hydra
  9808 | Lair:3   | Killed a two-headed hydra
 10185 | Lair:3   | Found a staircase to the Swamp.
 10549 | Lair:4   | Noticed a six-headed hydra
 10560 | Lair:4   | Killed a one-headed hydra
 10786 | Lair:4   | Noticed a death yak
 10786 | Lair:4   | Noticed a death yak
 10786 | Lair:4   | Noticed a death yak
 10787 | Lair:4   | Noticed a death yak
 10792 | Lair:4   | Killed a death yak
 10792 | Lair:4   | Reached skill level 10 in Fighting
 10800 | Lair:4   | HP: 5/116 [death yak (11)]
 10806 | Lair:4   | HP: 1/116 [death yak (4)]
 10807 | Lair:4   | Slain by a death yak

Levels and vault maps discovered:
D:1:      erik_arrival_gehennom, layout_basic
D:2:      layout_loops_ring, kennysheep_slug_shrine, yredelemnul_altar_generic
D:3:      layout_loops_ring, gup_sewer_entry_bowl, first_ration
D:4:      layout_loops_ring, lemuel_coloured_pillars_altar,
          minmay_temple_entry_hall, minivault_19, corexii_leaking_fountain,
          st_stairs_4, kennysheep_generic_room_10
D:5:      layout_loops_cross, grunt_temple_overflow_cloverleaf,
          chei_slow_surprise
D:6:      wad_pebble_path, layout_basic, gammafunk_ghost_smash
D:7:      layout_loops_cross, serial_glass, glass_columns_b, glass_columns_a,
          uniq_pikel
D:8:      layout_loops_corners, lair_entry_dummy, uniq_psyche
D:9:      layout_rooms, uniq_harold, uniq_erolcha
D:10:     layout_gridville, grunt_livestock, uniq_joseph, uniq_grum
Lair:1:   layout_regular_city, gammafunk_ghost_wrathful_warriors
Lair:2:   layout_chaotic_city, grunt_megastairs_1
Lair:3:   layout_loops_ring, minmay_swamp_entry_eels,
          guppyfry_snake_entry_garden, grunt_forest_stairs_basic,
          cheibrodos_lair_lostbears
Lair:4:   layout_loops_ring, special_room [special_room_mythical_zoo],
          minmay_lair_drake_nest

Skill      XL: |  1  2  3  4  5  6  7  8  9 10 11 12 |
---------------+-------------------------------------+-----
Axes           | 3 4 5 6 8 10 11 13 14 | 14.0
Fighting       | 3 4 5 6 7 8 10 | 10.0
Shields        | 4 5 6 7 9 10 11 | 11.6
Armour         | 4 5 6 7 9 10 11 | 11.6

Action                   |  1- 3 |  4- 6 |  7- 9 | 10-12 || total
-------------------------+-------+-------+-------+-------++-------
Melee: War axe           |    90 |   242 |   263 |       ||   595
       Hand axe          |       |       |   120 |   891 ||  1011
 Abil: Heal Wounds       |       |     4 |    10 |    44 ||    58
Evoke: Wand              |       |       |     1 |    10 ||    11
  Use: Potion            |       |       |       |     7 ||     7
       Scroll            |       |       |       |     3 ||     3
  Eat: Chunk             |       |     6 |    17 |    18 ||    41
       Ration            |       |     4 |       |       ||     4
Armor: Scale mail        |    22 |    36 |       |       ||    58
       Chain mail        |       |    55 |   112 |       ||   167
       Plate armour      |       |       |    43 |   415 ||   458
Dodge: Dodged            |    29 |    82 |   100 |   266 ||   477
Block: Shield            |    55 |   158 |   221 |   723 ||  1157

Table legend:
 A = Non-vault XP
 B = Vault XP
 C = Vault XP percentage of total XP
 D = Non-vault monster count
 E = Vault monster count
 F = Vault count percentage of total count
                 A         B        C        D         E       F
            +---------+---------+-------+---------+---------+-------
      Total |   31041 |    6397 |  17.1 |     337 |      34 |   9.2
            +---------+---------+-------+---------+---------+-------
        D:1 |      39 |      19 |  32.8 |      21 |       5 |  19.2
        D:2 |     104 |       4 |   3.7 |      29 |       1 |   3.3
        D:3 |     320 |      20 |   5.9 |      25 |       3 |  10.7
        D:4 |    1140 |       2 |   0.2 |      38 |       1 |   2.6
        D:5 |     279 |      39 |  12.3 |      15 |       1 |   6.2
        D:6 |    1028 |       0 |   0.0 |      24 |       0 |   0.0
        D:7 |     844 |     617 |  42.2 |      27 |       1 |   3.6
        D:8 |    2218 |     448 |  16.8 |      32 |       1 |   3.0
        D:9 |    1654 |    1978 |  54.5 |      22 |       2 |   8.3
       D:10 |    2508 |    1827 |  42.1 |      30 |       9 |  23.1
     Lair:1 |    8518 |       0 |   0.0 |      34 |       0 |   0.0
     Lair:2 |    4530 |     140 |   3.0 |      15 |       1 |   6.2
     Lair:3 |    4206 |    1303 |  23.7 |      16 |       9 |  36.0
     Lair:4 |    3653 |       0 |   0.0 |       9 |       0 |   0.0
            +---------+---------+-------+---------+---------+-------
